 Dungeon Crawl Stone Soup version 0.30.0-5-g1a98f26d00 (webtiles) character file.

Game seed: 10963174408755324846

8269 Demosthentine the Fighter (level 11, -4/91 HPs)
             Began as a Demonspawn Gladiator on May 11, 2023.
             Was an Initiate of Hepliaklqana.
             Slain by a two-headed ogre
             ... wielding a +0 dire flail
              (13 damage)
             ... on level 9 of the Dungeon.
             The game lasted 00:10:40 (9049 turns).

Demosthentine the Fighter (Demonspawn Gladiator)    Turns: 9049, Time: 00:10:41

Health: -4/91      AC: 14    Str: 17    XL:     11   Next: 7%
Magic:  13/13      EV: 16    Int: 10    God:    Hepliaklqana [......]
Gold:   631        SH:  0    Dex: 16    Spells: 10/10 levels left

rFire   . . .        a - +1 trident
rCold   . . .        (no shield)
rNeg    . . .        z - +0 steam dragon scales
rPois   +            c - +0 helmet
rElec   .            (no cloak)
rCorr   .            (no gloves)
SInv    .            u - +0 pair of boots
Will    .....        x - amulet of the acrobat
Stlth   +            l - ring of poison resistance
HPRegen 0.35/turn    s - +4 ring of protection
MPRegen 0.13/turn

%: acrobat
@: no status effects
A: rugged brown scales 2, powered by pain 2, spiny 2, weakness stinger 2
a: Renounce Religion


You were on level 9 of the Dungeon.
You worshipped Hepliaklqana.
Hepliaklqana was noncommittal.
You visited 2 branches of the dungeon, and saw 10 of its levels.
You also visited: Ossuary.

You collected 631 gold pieces.

Inventory:

Hand Weapons
 a - a +1 trident (weapon)
Missiles
 e - a javelin (quivered)
 n - 11 poisoned darts
 y - 10 boomerangs
 D - 3 silver javelins
Armour
 c - a +0 helmet (worn)
 u - a +0 pair of boots (worn)
 z - +0 steam dragon scales (worn)
Jewellery
 l - a ring of poison resistance (left hand)
 s - a +4 ring of protection (right hand)
 x - an amulet of the acrobat (around neck)
Wands
 j - a wand of digging (7)
 r - a wand of charming (9)
 v - a wand of iceblast (11)
 A - a wand of polymorph (11)
Scrolls
 b - 3 scrolls of identify
 d - a scroll of silence
 h - a scroll of enchant armour {unknown}
 i - a scroll of fear
 o - a scroll of teleportation
 w - a scroll of immolation
 B - a scroll of vulnerability {unknown}
 C - a scroll of fog
 E - a scroll of enchant weapon
Potions
 f - 2 potions of flight
 g - 8 potions of curing
 k - 2 potions of lignification
 m - 3 potions of mutation
 p - 2 potions of ambrosia
 q - a potion of resistance
 t - 3 potions of brilliance


   Skills:
 + Level 8.9 Fighting
 + Level 8.4 Polearms
 - Level 1.7 Throwing
 - Level 6.2 Armour
 + Level 8.4 Dodging
 + Level 3.7 Invocations
 - Level 3.9 Evocations


You had 10 spell levels left.
You didn't know any spells.
Your spell library contained the following spells:

 Spells                   Type           Power      Damage    Failure   Level
 Beastly Appendage        Tmut           0%         N/A       36%         1
 Sublimation of Blood     Necr           0%         N/A       50%         2
 Wereblood                Tmut           0%         N/A       50%         2
 Call Canine Familiar     Summ           0%         N/A       75%         3
 Dazzling Flash           Conj/Hex       0%         N/A       75%         3
 Portal Projectile        Hex/Tloc       0%         N/A       75%         3
 Spider Form              Tmut/Pois      0%         N/A       75%         3
 Leda's Liquefaction      Hex/Erth       0%         N/A       98%         4
 Petrify                  Tmut/Erth      0%         N/A       98%         4
 Agony                    Necr           0%         N/A       100%        5
 Irradiate                Conj/Tmut      0%         3d11      100%        5
 Silence                  Hex/Air        0%         N/A       100%        5


Dungeon Overview and Level Annotations

Branches:
Dungeon (9/15)             Temple (1/1) D:6         Ossuary (visited)
   Lair: D:8-11         Orc: D:9-12

Altars:
Ashenzari
Cheibriados
Dithmenos
Fedhas
Gozag
Hepliaklqana
Kikubaaqudgha
Makhleb
Nemelex Xobeh
Okawaru
Qazlal
Ru
Sif Muna
Trog
Uskayaw
Vehumet
Wu Jian
Xom
Yredelemnul

Annotations:
D:3 3 runed translucent doors, FrenchFrogFromFrance's ghost, amateur TrBe


Innate Abilities, Weirdness & Mutations

You are mostly covered in rugged brown scales. (AC +2, +5% HP)
You sometimes gain power by taking damage.
You are mostly covered in sharp spines.
You have a tail ending in a sharp stinger.


Message History

Unknown command.
You reach to attack!
You hit the two-headed ogre.
The two-headed ogre is lightly wounded.
Unknown command.
You puncture the two-headed ogre!
The two-headed ogre is lightly wounded.
The two-headed ogre is struck by your spines.
The two-headed ogre hits you with a +0 dire flail!
The two-headed ogre hits you with a +0 giant spiked club!
Unknown command.
You hit the two-headed ogre. Your punch misses the two-headed ogre.
The two-headed ogre is moderately wounded.
The two-headed ogre is struck by your spines.
The two-headed ogre completely misses you.
The two-headed ogre hits you with a +0 giant spiked club!!
Unknown command.
You hit the two-headed ogre.
The two-headed ogre is heavily wounded.
Unknown command.
You closely miss the two-headed ogre.
You tail-slap the two-headed ogre, but do no damage.
The two-headed ogre is heavily wounded.
The two-headed ogre hits you with a +0 dire flail.
The two-headed ogre hits you with a +0 giant spiked club!!
* * * LOW HITPOINT WARNING * * *
You are too injured to fight recklessly!
You are too injured to fight recklessly!
You are too injured to fight recklessly!
You are too injured to fight recklessly!
Unknown command.
Okay, then.
You hit the two-headed ogre.
The two-headed ogre is heavily wounded.
You barely miss the two-headed ogre.
The two-headed ogre is heavily wounded.
The two-headed ogre is struck by your spines.
The two-headed ogre hits you with a +0 dire flail!!
* * * LOW HITPOINT WARNING * * *
The two-headed ogre hits you with a +0 giant spiked club!
You die...

...#.......# #.######..#.....
...#.......# #.........#.....
...#.......# #.........#.....
...##......# #.....[...######
#......##+####....^..........
#............................
###+#............................
...........######'####...........
...........#...O@....#..##+####..
...........#.........#..#.....#..
...........#.........#..#.....###
...###+###.###########..#.......#
...#.....#..............'.......#
...#.....#.............)#.......#
...#.....#..............#########
...#####'#.......................
.................................


You could see a two-headed ogre.

Vanquished Creatures
  4 two-headed ogres
  A deep elf pyromancer (D:8)
  Maurice (D:8)
  Joseph (D:8)
  Psyche (D:8)
  A shadow (D:9)
  A wraith (D:8)
  A steam dragon (D:7)
  A vampire mosquito (D:8)
  2 water moccasins
  Duvessa (D:7)
  2 ice beasts
  2 orc warriors
  A black bear (D:3)
  2 ogres (D:5)
  4 centaurs
  4 phantoms
  A kobold brigand (D:7)
  3 bullfrogs
  A gnoll sergeant (D:7)
  9 scorpions
  3 wights (D:7)
  Dowan (D:7)
  5 killer bees (D:8)
  A howler monkey (D:4)
  A centaur zombie (Ossuary)
  2 human zombies (Ossuary)
  2 jellies
  4 orc priests
  A gnoll bouda (D:8)
  2 hounds
  3 iguanas
  5 scorpion zombies (Ossuary)
  Terence (D:3)
  2 sleepcaps
  7 orc wizards
  3 mummies (Ossuary)
  9 gnolls
  12 adders
  A white imp (D:7)
  An ufetubus (D:6)
  2 dart slugs
  23 orcs
  7 ball pythons
  5 bats
  5 endoplasms
  3 giant cockroaches (D:1)
  5 gnoll zombies (Ossuary)
  9 hobgoblins
  12 kobolds
  8 quokkas
  2 frilled lizards (D:1)
  5 goblins
  2 goblin zombies (Ossuary)
  2 hobgoblin zombies (Ossuary)
  3 kobold zombies (Ossuary)
  5 rats
208 creatures vanquished.

Vanquished Creatures (others)
  A phantom (D:6)
  An orc wizard (D:9)
2 creatures vanquished.

Grand Total: 210 creatures vanquished

Notes
Turn   | Place    | Note
-------+----------+-------------------------------------------
     0 | D:1      | Demosthentine the Demonspawn Gladiator began the quest for
                  | the Orb.
     0 | D:1      | Reached XP level 1. HP: 16/16 MP: 1/1
   185 | D:1      | Gained mutation: You are partially covered in sharp spines.
                  | [demonic ancestry]
   185 | D:1      | Reached XP level 2. HP: 22/22 MP: 2/2
   476 | D:1      | Reached skill level 1 in Armour
   589 | D:1      | Gained mutation: You have a small tail. [demonic ancestry]
   589 | D:1      | Reached XP level 3. HP: 28/28 MP: 3/3
  1819 | D:3      | Noticed a black bear
  1826 | D:3      | Killed a black bear
  1827 | D:3      | Reached XP level 4. HP: 19/35 MP: 4/4
  1827 | D:3      | Reached XP level 5. HP: 22/41 MP: 5/5
  2187 | D:3      | Noticed Terence
  2220 | D:3      | Killed Terence
  2353 | D:3      | Found a runed translucent gate.
  2353 | D:3      | Found a runed translucent gate.
  2371 | D:3      | Noticed FrenchFrogFromFrance's ghost (amateur TrBe)
  2372 | D:3      | Found a runed translucent gate.
  2948 | D:4      | Gained mutation: You sometimes gain a little power by
                  | taking damage. [demonic ancestry]
  2948 | D:4      | Reached XP level 6. HP: 47/47 MP: 6/6
  3596 | D:5      | Entered Level 5 of the Dungeon
  3596 | D:5      | Noticed an ice beast
  3610 | D:5      | Killed an ice beast
  3683 | D:5      | Gained mutation: You sometimes gain power by taking damage.
                  | [demonic ancestry]
  3683 | D:5      | Reached XP level 7. HP: 48/54 MP: 7/7
  3717 | D:5      | Found a sand-covered staircase.
  3728 | Ossuary  | Entered an ossuary
  3942 | Ossuary  | Reached skill level 5 in Dodging
  3944 | Ossuary  | Reached skill level 5 in Fighting
  3944 | Ossuary  | Reached skill level 5 in Polearms
  3944 | Ossuary  | Gained mutation: You have a tail ending in a sharp stinger.
                  | [demonic ancestry]
  3944 | Ossuary  | Reached XP level 8. HP: 59/62 MP: 8/8
  4725 | D:5      | Reached skill level 5 in Armour
  5034 | D:6      | Found a staircase to the Ecumenical Temple.
  5063 | Temple   | Entered the Ecumenical Temple
  5063 | Temple   | Found a transporter.
  5063 | Temple   | Found a transporter.
  5065 | Temple   | Found a transporter.
  5065 | Temple   | Found a transporter.
  5118 | D:6      | Gained mutation: You are partially covered in rugged brown
                  | scales. (AC +1, +3% HP) [demonic ancestry]
  5118 | D:6      | Reached XP level 9. HP: 27/71 MP: 9/9
  5412 | D:6      | Found an opulent altar of Gozag.
  6082 | D:7      | Noticed Dowan
  6083 | D:7      | Found a shimmering blue altar of Sif Muna.
  6091 | D:7      | Killed Dowan
  6106 | D:7      | Noticed Duvessa
  6120 | D:7      | Killed Duvessa
  6267 | D:7      | Found a bloodstained altar of Trog.
  6935 | D:8      | Reached skill level 1 in Evocations
  7036 | D:8      | Noticed a two-headed ogre
  7047 | D:8      | Killed a two-headed ogre
  7048 | D:8      | Gained mutation: You are mostly covered in rugged brown
                  | scales. (AC +2, +5% HP) [demonic ancestry]
  7048 | D:8      | Reached XP level 10. HP: 33/82 MP: 10/10
  7285 | D:8      | Found a sacrificial altar of Ru.
  7332 | D:8      | Noticed a two-headed ogre
  7344 | D:8      | Killed a two-headed ogre
  7359 | D:8      | Noticed Psyche
  7367 | D:8      | Noticed Maurice
  7369 | D:8      | Noticed Joseph
  7374 | D:8      | Killed Psyche
  7414 | D:8      | Killed Joseph
  7447 | D:8      | Killed Maurice
  7679 | D:8      | Found a blossoming altar of Fedhas.
  7682 | D:8      | Found an ancient bone altar of Kikubaaqudgha.
  8149 | D:8      | Found a hazy altar of Hepliaklqana.
  8150 | D:8      | Found an ornate altar of the Wu Jian Council.
  8151 | D:8      | Found a stormy altar of Qazlal.
  8160 | D:8      | Became a worshipper of Hepliaklqana the Forgotten
  8345 | D:9      | Reached skill level 1 in Invocations
  8436 | D:9      | Noticed a two-headed ogre
  8442 | D:9      | Killed a two-headed ogre
  8592 | D:9      | Noticed a two-headed ogre
  8605 | D:9      | Killed a two-headed ogre
  8744 | D:9      | Gained mutation: You are mostly covered in sharp spines.
                  | [demonic ancestry]
  8744 | D:9      | Reached XP level 11. HP: 58/91 MP: 13/13
  8848 | D:8      | Noticed a deep elf pyromancer
  8861 | D:8      | Killed a deep elf pyromancer
  9040 | D:9      | Noticed a two-headed ogre
  9049 | D:9      | Slain by a two-headed ogre

Illustrated notes

Levels and vault maps discovered:
D:1:      grunt_arrival_lava_bath, layout_basic
D:2:      layout_basic, chequers_garden, amcnicky_mini_rare_corridor_liquid,
          lightli_corner_chamber
D:3:      layout_rooms, gammafunk_ghost_nasty_kobolds, minmay_crystal_room,
          hangedman_glass_teeth, grunt_decor_clamped, corexii_leaking_fountain,
          minmay_tree_intersection, minmay_misc_feat_tower,
          minmay_pentomino_pile, uniq_terence
D:4:      layout_basic
D:5:      layout_loops_cross, chequers_ossuary_entry_cave, chequers_jeans
D:6:      layout_basic, pdpol_temple_overflow_zin_treasury_gozag_greed,
          minmay_temple_entry_water_ring
D:7:      layout_rooms, nzn_overflow_gifts_of_might_and_magic
D:8:      minmay_diamond_stairs, layout_layer_cave, grunt_temple_overflow_open,
          nicolae_ru_awakened_eye, uniq_psyche, uniq_maurice, uniq_joseph
D:9:      layout_irregular_city
Temple:   hellmonk_temple_divided_pantheon

Skill      XL: |  1  2  3  4  5  6  7  8  9 10 |
---------------+-------------------------------+-----
Polearms       | 3 4 5 6 7 8 |  8.4
Dodging        | 3 4 5 6 7 8 |  8.4
Armour         | 1 2 3 4 5 6 |  6.2
Fighting       | 3 4 5 6 7 8 |  8.9
Evocations     | 2 3 |  3.9
Invocations    | 3 |  3.7
Throwing       | |  1.7

Action                     |  1- 3 |  4- 6 |  7- 9 | 10-12 || total
---------------------------+-------+-------+-------+-------++-------
  Melee: Trident           |    84 |   129 |   399 |   128 ||   740
         Tailslap          |     3 |    12 |    52 |    23 ||    90
         Punch             |       |     2 |     9 |     5 ||    16
         Unarmed           |       |       |       |     6 ||     6
  Throw: Throwing net      |       |     2 |     2 |     1 ||     5
    Use: Scroll            |     6 |     2 |     7 |     2 ||    17
         Potion            |       |     8 |     2 |     2 ||    12
   Stab: Sleeping          |     2 |     4 |     2 |       ||     8
         Held in net/web   |       |     2 |     2 |       ||     4
 Armour: Leather armour    |    21 |    29 |    81 |       ||   131
         Steam dragon scal |       |       |    28 |    38 ||    66
         Skin              |       |       |       |     2 ||     2
  Dodge: Dodged            |    32 |    60 |   238 |   113 ||   443
